 Dungeon Crawl Stone Soup version 0.30.1-11-g7821555f0a (webtiles) character file.

Game seed: 5038264020372264465

240 Abishag the Sneak (level 6, -1/45 HPs)
             Began as a Djinni Brigand on Jan 12, 2024.
             Was an Initiate of Nemelex Xobeh.
             Slain by an orc wizard
             ... wielding a +1 dagger of electrocution
              (20 damage)
             ... on level 4 of the Dungeon.
             The game lasted 00:07:32 (1530 turns).

Abishag the Sneak (Djinni Brigand)                  Turns: 1530, Time: 00:07:32

Health: -1/45      AC:  3    Str: 10    XL:     6   Next: 29%
Gold:   59         EV: 12    Int: 15    God:    Nemelex Xobeh [......] SH:  0 Dex: 14

rFire   + + .        a - +2 dagger
rCold   x . .        (no shield)
rNeg    . . .        b - +0 robe
rPois   ∞            (no helmet)
rElec   .            c - +0 cloak
rCorr   .            (no gloves)
SInv    .            (boots unavailable)
Will    .....        (no amulet)
Stlth   +            (no ring)
HPRegen 0.27/turn    (no ring)
MPRegen 0.00/turn

%: infuse magic (-2 HP)
@: confused, flying
A: sickness immunity, fire resistance 2, cold vulnerability 1, float, innate
caster, HP casting, extra vitality 1
a: Renounce Religion, Draw Escape, Draw Destruction, Draw Summoning


You were on level 4 of the Dungeon.
You worshipped Nemelex Xobeh.
Nemelex Xobeh was noncommittal.
You visited 2 branches of the dungeon, and saw 5 of its levels.

You collected 59 gold pieces.

Inventory:

Hand Weapons
 a - a +2 dagger (weapon)
Missiles
 d - 10 poisoned darts (quivered)
 e - 3 curare-tipped darts
 h - 3 atropa-tipped darts
Armour
 b - a +0 robe (worn)
 c - a +0 cloak (worn)
Jewellery
 m - an amulet of regeneration
Wands
 k - a wand of quicksilver (10)
Scrolls
 f - a scroll of butterflies
 i - 2 scrolls of fear
 p - a scroll of poison {unknown}
 q - a scroll of noise
Potions
 g - 2 potions of invisibility
 j - 2 potions of cancellation
 l - a potion of curing {unknown}
 n - a potion of attraction {unknown}


   Skills:
 * Level 2.7 Fighting
 * Level 2.7 Short Blades
 * Level 2.2 Throwing
 * Level 1.4 Armour
 * Level 2.3 Dodging
 * Level 4.2 Stealth
 * Level 1.0 Spellcasting
 * Level 1.1 Evocations


You knew the following spells:

 Your Spells              Type           Power      Damage    Failure   Level
a - Shock                 Conj/Air       12%        1d3       16%         1
b - Wereblood             Tmut           3%         N/A       24%         2
Your spell library was empty.

Dungeon Overview and Level Annotations

Branches:
Dungeon (4/15)             Temple (1/1) D:4

Altars:
Ashenzari
Elyvilon
Gozag
Makhleb
Nemelex Xobeh
Okawaru
Qazlal
Trog
Wu Jian
Yredelemnul
Zin
The Shining One


Innate Abilities, Weirdness & Mutations

You are immune to sickness and miasma.
You are immune to poison.
Your flesh is very heat resistant. (rF++)
You are vulnerable to cold. (rC-)
You float through the air rather than walking.
You learn spells naturally, not from books.
Your magical power is your life essence.
You have superior vitality. (+4 MHP)


Message History

Your butterfly disappears in a burst of colours!
The orc wizard mumbles some strange words.
The orc wizard flickers and vanishes!
Deactivating autopickup; reactivate with Ctrl-A.
You closely miss something. Something hits you but does no damage.
You are electrocuted!
Something hits you but does no damage.
You're too confused to move!
Something hits you. Something hits you.
You are electrocuted!
* * * LOW HITPOINT WARNING * * *
Something hits you.
* * * LOW HITPOINT WARNING * * *
Unknown command.
You feel much better.
You hear some strange, mumbled words.
Something tries to affect you, but you resist.
You bump into the rock wall.
You feel less confused. Something hits you. The iguana bites you!
Something hits you but does no damage.
Aiming: Quicksilver Bolt
Press: ? - help, Shift-Dir - straight line The bolt of dispelling energy hits the iguana!
The iguana is severely wounded.
Something hits you.
Unknown command.
Aiming: Quicksilver Bolt
Press: ? - help, Shift-Dir - straight line The bolt of dispelling energy hits the iguana!
You kill the iguana!
You hear some strange, mumbled words.
You are confused.
Your Spellcasting skill increases to level 1!
You hit something.
You hear some strange, mumbled words.
Something tries to affect you, but you resist.
Something hits you.
You are electrocuted!!
You die...
Your body disappears without a glow.

#.....................)).#
##......###...###'######)#
##......###...###...## ....
.#........>....#.....#.......
.#.............#.....#..o....#
.#.......(.....#....<#.......'.
.#........(....#.....#...)...#.
.#.............#.....#.......#
.#.......<.....#@....#
....#######....{.....# .8..#
############ ⌠...# .8..# ⌠...#
.8.## ...# ..##


There were no monsters in sight!

Vanquished Creatures
  A scorpion (D:4)
  An orc priest (D:4)
  An iguana (D:4)
  An orc wizard (D:4)
  4 adders
  An ufetubus (D:4)
  A worm (D:3)
  7 orcs
  7 ball pythons
  3 bats
  2 giant cockroaches (D:4)
  6 goblins
  6 hobgoblins
  4 jackals
  3 kobolds
  3 quokkas
  3 frilled lizards (D:3)
  A rat (D:3)
55 creatures vanquished.

Notes
Turn   | Place    | Note
-------+----------+-------------------------------------------
     0 | D:1      | Abishag the Djinni Brigand began the quest for the Orb.
     0 | D:1      | Reached XP level 1. HP: 18/18 MP: 0/0
   187 | D:1      | Reached XP level 2. HP: 13/23 MP: 0/0
   541 | D:2      | Reached XP level 3. HP: 28/28 MP: 0/0
   541 | D:2      | Learned a level 1 spell: Shock
   865 | D:3      | Reached XP level 4. HP: 33/33 MP: 0/0
  1130 | D:4      | Found a staircase to the Ecumenical Temple.
  1183 | Temple   | Entered the Ecumenical Temple
  1205 | Temple   | Became a worshipper of Nemelex Xobeh the Trickster
  1226 | D:4      | Noticed a scorpion
  1235 | D:4      | Killed a scorpion
  1236 | D:4      | Reached skill level 1 in Armour
  1236 | D:4      | Reached skill level 4 in Stealth
  1236 | D:4      | Reached XP level 5. HP: 37/39 MP: 0/0
  1236 | D:4      | Learned a level 2 spell: Wereblood
  1314 | D:4      | Found a basalt altar of Yredelemnul.
  1468 | D:4      | Reached XP level 6. HP: 43/45 MP: 0/0
  1470 | D:4      | Reached skill level 1 in Evocations
  1529 | D:4      | Reached skill level 1 in Spellcasting
  1530 | D:4      | Slain by an orc wizard

Illustrated notes

Levels and vault maps discovered:
D:1:      minmay_arrival_stone_box, layout_basic
D:2:      layout_loops_corners
D:3:      layout_rooms
D:4:      layout_gridville, kennysheep_mini_moat, old_standard_altar,
          minmay_temple_entry_statues_fountains, grunt_ministairs_13,
          uniq_duvessa
Temple:   hellmonk_temple_two_chambers

Skill      XL: |  1  2  3  4  5  6 |
---------------+-------------------+-----
Short Blades   | 2 |  2.7
Armour         | 1 |  1.4
Dodging        | 2 |  2.3
Stealth        | 4 |  4.2
Throwing       | 2 |  2.2
Evocations     | 1 |  1.1
Spellcasting   | 1 |  1.0
Fighting       | |  2.7

Action                     |  1- 3 |  4- 6 || total
---------------------------+-------+-------++-------
  Melee: Dagger            |    81 |    31 ||   112
  Throw: Dart              |    15 |    13 ||    28
   Cast: Shock             |     8 |    11 ||    19
  Evoke: Wand              |       |     7 ||     7
    Use: Scroll            |     4 |     2 ||     6
         Potion            |       |     2 ||     2
   Stab: Sleeping          |     5 |     2 ||     7
 Armour: Robe              |    19 |    11 ||    30
  Dodge: Dodged            |    60 |    33 ||    93
